AoeStats
← SlowHandsManu

Black Forest

509183077Analyzed
4v4 RM · 6d ago on Sep 25, 2026· 20m 59s· 8 players
Game mode
Random Map
Map size
Large (8 player)
Population
200
Speed
Normal
Resources
Standard
Victory
Conquest
Starting age
Dark Age
Ending age
Imperial Age
RankedLock teamsTeams togetherTeam positionsShared explorationLock speedFull tech treeHidden civsTurbo modeCheats
Victory
Defeat
🇩🇪 Persians · Germany
1592
+8
🇺🇸 Tupi · United States
1452
+13
🇩🇪 Portuguese · Germany
1421
+13
🇨🇱 Dravidians · Chile
1361
+15
🇨🇿 Poles · Czechia
1401
-13
🇨🇭 Ethiopians · Switzerland
1376
-12
🇨🇿 Maya · Czechia
1370
-12
🇬🇧 Bulgarians · United Kingdom
1362
-12
YeomaN
1:23 Loom
14:14 Feudal Age
17:06 Scale Mail Armor
18:35 Horse Collar
19:35 Forging
19:18 Arson
KEFÍRER
0:28 Loom
11:10 Feudal Age
12:00 Double-Bit Axe
11:40 Man-at-Arms
13:52 Wheelbarrow
14:24 Arson
15:11 Fishing Lines
15:37 Horse Collar
17:15 Fletching
20:30 Castle Age
INghost
12:19 Feudal Age
12:53 Double-Bit Axe
16:33 Castle Age
14:46 Horse Collar
17:42 Bow Saw
17:59 Gold Mining
19:31 Forging
19:27 Scale Barding Armor
ChickenHunter
6:06 Loom
12:21 Feudal Age
Rabe3000
7:50 Loom
9:44 Feudal Age
11:19 Double-Bit Axe
12:54 Horse Collar
14:52 Champi Runner
16:50 Forging
DoubleZX
0:55 Loom
10:49 Feudal Age
13:23 Town Watch
14:06 Town Watch
15:51 Wheelbarrow
19:08 Fletching
SlowHandsManu
4:55 Loom
12:24 Feudal Age
17:21 Castle Age
15:34 Double-Bit Axe
15:42 Horse Collar
18:35 Bow Saw
18:35 Heavy Plow
ASOT
0:56 Loom
12:17 Feudal Age
16:10 Castle Age
14:46 Fletching
16:13 Double-Bit Axe
17:16 Bodkin Arrow
Connection lost

Rejoining the realm…

Still unreachable

The connection could not be restored.

Session expired

The server has moved on; the page needs a fresh start.